 Dungeon Crawl Stone Soup version 0.27.1-4-g1640c2035a (webtiles) character file.

Game seed: 5804420106488067447

49358 Gunterle the Fencer (level 14, -1/116 HPs)
             Began as a Barachi Berserker on Nov 4, 2021.
             Was a High Priest of Trog.
             Slain by a spriggan rider (8 damage)
             ... on level 6 of the Lair of Beasts.
             The game lasted 01:14:46 (24116 turns).

Gunterle the Fencer (Barachi Berserker)            Turns: 24116, Time: 01:14:46

Health: -1/116     AC: 16    Str: 22    XL:     14   Next: 50%
Magic:  14/14      EV: 14    Int:  7    God:    Trog [*****.]
Gold:   1023       SH:  0    Dex: 20    Spells: 13/13 levels left

rFire    + + .     SeeInvis +   i - +2 great sword (flame)
rCold    + + .     Faith    .   (shield currently unavailable)
rNeg     . . .     Spirit   .   W - +1 chain mail {rF+}
rPois    .         Reflect  .   Q - +1 hat {SInv}
rElec    .         Harm     .   U - scarf {rC+ rF+}
rCorr    .         Rampage  .   V - +1 pair of gloves
Will     +....                  (no boots)
Stlth    ..........             k - amulet of the acrobat
HPRegen  0.29/turn              n - ring of protection from cold
MPRegen  0.14/turn              q - +6 ring of dexterity

@: on berserk cooldown, slowed, very slow
A: amphibious, slowness 1, strong legs 2, +LOS
a: Hop, Renounce Religion, Berserk, Trog's Hand, Brothers in Arms


You were on level 6 of the Lair of Beasts.
You worshipped Trog.
Trog was extremely pleased with you.
You visited 4 branches of the dungeon, and saw 20 of its levels.
You also visited: Ossuary.

You collected 1023 gold pieces.

Inventory:

Hand Weapons
 a - a +4 falchion
 b - a +2 scimitar of freezing
 i - a +2 great sword of flaming (weapon)
 z - a +2 short sword of venom
Missiles
 J - 19 poisoned darts (quivered)
Armour
 s - a +2 troll leather armour {Snorg}
 A - +0 acid dragon scales
 Q - a +1 hat of see invisible (worn)
 U - a scarf of resistance (worn)
 V - a +1 pair of gloves (worn)
 W - a +1 chain mail of fire resistance (worn)
Jewellery
 k - an amulet of the acrobat (around neck)
 n - a ring of protection from cold (left hand)
 q - a +6 ring of dexterity (right hand)
 v - a +4 ring of protection
Wands
 p - a wand of polymorph (17)
 r - a wand of digging (11)
 B - a wand of flame (8)
 N - a wand of iceblast (14)
 S - a wand of paralysis (15)
 X - a wand of acid (6)
Scrolls
 e - a scroll of blinking
 f - a scroll of enchant weapon
 g - 9 scrolls of teleportation
 m - a scroll of silence
 C - 4 scrolls of fear
 F - 2 scrolls of vulnerability
 G - 2 scrolls of amnesia
 I - 2 scrolls of magic mapping {unknown}
 K - 2 scrolls of holy word {unknown}
 L - 3 scrolls of fog {unknown}
Potions
 c - 8 potions of curing
 d - a potion of invisibility
 h - 2 potions of ambrosia
 j - 6 potions of heal wounds
 l - 2 potions of berserk rage
 o - 2 potions of lignification
 t - a potion of magic
 u - a potion of might
 D - 4 potions of flight
 H - 3 potions of haste
 R - a potion of resistance


   Skills:
 + Level 12.4 Fighting
 * Level 16.5 Long Blades
 + Level 4.4 Throwing
 + Level 11.8 Armour
 - Level 10.0 Dodging
 - Level 5.0 Stealth
 + Level 10.9 Evocations


You had 13 spell levels left.
You didn't know any spells.
Your spell library was empty.

Dungeon Overview and Level Annotations

Branches:
Dungeon (12/15)            Temple (1/1) D:7            Lair (6/6) D:10
 Shoals (0/4) Lair:3        Snake (1/4) Lair:4        Slime (0/5) Lair:5
    Orc (0/2) D:12        Ossuary (visited)

Altars:
Ashenzari
Cheibriados
Dithmenos
Elyvilon
Fedhas
Gozag
Hepliaklqana
Kikubaaqudgha
Makhleb
Nemelex Xobeh
Okawaru
Qazlal
Ru
Sif Muna
Trog
Uskayaw
Vehumet
Wu Jian
Xom
Yredelemnul
Zin
The Shining One

Shops:
D:4 [   D:5 =

Annotations:
D:2 Terence
D:11 3 runed translucent doors, Cykl0x's ghost, journeyman GrFi
Lair:6 exclusion: oklob plant


Innate Abilities, Weirdness & Mutations

You are amphibious.
You cover ground slowly.
You can hop long distances.
You have an extended range of vision and can be seen from far away.


Message History

You slash the dream sheep! You burn the dream sheep.
The dream sheep is almost dead.
The dream sheep bites you.
* * * LOW HITPOINT WARNING * * *
The spriggan rider hits you from afar with a +0 spear!
* * * LOW HITPOINT WARNING * * *
Unknown command.
You barely miss the dream sheep.
The dream sheep is almost dead.
The dream sheep bites you!
* * * LOW HITPOINT WARNING * * *
A wolf comes into view.
Unknown command.
You barely miss the dream sheep.
The dream sheep is almost dead.
The wolf howls!
The spriggan rider closely misses you.
Unknown command.
You slash the dream sheep! You burn the dream sheep.
You feel the power of Trog in you as your rage grows.
You kill the dream sheep!
Trog accepts your kill.
The spriggan rider hits you from afar with a +0 spear!
* * * LOW HITPOINT WARNING * * *
Unknown command.
You are too berserk!
You feel a strong urge to attack something.
You are no longer berserk.
You are exhausted.
You feel yourself slow down.
As you read the scroll of fear, it crumbles to dust.
You assume a fearsome visage.
The wolf looks frightened! x2
The spriggan rider resists with almost no effort.
The dream sheep looks frightened!
The dream sheep stampedes away.
The wolf resists with some effort.
The plant is unaffected. x5
The spriggan rider hits you from afar with a +0 spear!
* * * LOW HITPOINT WARNING * * *
The spriggan rider hits you from afar with a +0 spear!
You die...

.................##
#....P.P....[....#
................##
.........P.....######
............#..##.P.## ..
...♣♣♣..........#....##..
♣..♣ ♣..♣P...P....[.....♣
♣♣♣♣ ♣♣♣....?....P...♣ ♣
♣♣♣..P###@..♣♣♣ ♣ ♣♣.♣♣
#..♣♣ ♣♣♣ ♣.hi♣♣
♣....♣♣♣♣♣♣ ♣♣♣♣♣hih..♣
♣♣♣.ihh..♣ Y..♣♣. ♣♣♣


You could see a spriggan rider, a spriggan, 2 wolves and a dream sheep
(fleeing).

Vanquished Creatures
  Gastronok (D:12)
  Kirke (D:12)
  Snorg (Lair:4)
  A boulder beetle (D:12)
  5 hydras
  2 catoblepae
  2 two-headed ogres
  A death yak (Lair:2)
  Nergalle (Lair:1)
  An oklob plant (Lair:4)
  A cyclops (D:12)
  8 elephants
  2 manticores (D:12)
  A torpor snail (Lair:1)
  A merfolk siren (Lair:3)
  4 black mambas
  3 unseen horrors (D:12)
  2 rime drakes
  17 cane toads
  11 komodo dragons
  A kobold demonologist (D:6)
  3 polar bears
  2 hornets (Lair:6)
  13 blink frogs
  Grinder (D:3)
  A troll (D:11)
  3 slime creatures
  5 dream sheep
  Prince Ribbit (D:7)
  Sigmund (D:3)
  A wraith (D:10)
  3 spriggans (Lair:6)
  A shadow (D:11)
  7 wyverns
  14 yaks
  Grum (D:9)
  5 hogs
  6 basilisks
  A steam dragon (D:9)
  A warg (D:12)
  2 acid dragons
  24 water moccasins
  10 orc warriors
  2 sky beasts
  2 ice beasts
  4 ogres
  23 wolves
  2 necrophages
  A boggart (Lair:6)
  6 centaurs
  A kobold brigand (D:6)
  A phantom (D:7)
  Blork the orc (D:6)
  10 bullfrogs
  2 gnoll sergeants
  3 scorpions
  A water moccasin skeleton (D:6)
  7 wights
  2 jellies
  4 centaur zombies
  3 human zombies (Ossuary)
  6 hounds
  8 orc priests
  2 gnoll shamans
  A bullfrog skeleton (D:7)
  An iguana (D:4)
  9 orc wizards
  2 killer bee zombies
  A hound zombie (D:5)
  3 mummies (Ossuary)
  2 howler monkey zombies (D:9)
  Robin (D:3)
  A howler monkey skeleton (D:7)
  5 adders
  14 gnolls
  A white imp (D:5)
  An ufetubus (D:7)
  4 adder zombies
  An adder skeleton (D:4)
  3 worms
  2 dart slugs
  26 orcs
  3 ball pythons
  2 bats (D:2)
  9 endoplasms
  2 giant cockroaches
  7 hobgoblins
  5 jackals
  4 quokkas
  3 frilled lizards
  16 goblins
  2 hobgoblin zombies (Ossuary)
  11 kobolds
  3 kobold zombies (Ossuary)
  3 quokka zombies (Ossuary)
  6 rats
  4 rat zombies (Ossuary)
  2 bushes (Lair:4)
424 creatures vanquished.

Vanquished Creatures (collateral kills)
  2 death yaks (Lair:2)
  A yak (Lair:2)
3 creatures vanquished.

Vanquished Creatures (others)
  An orc wizard (D:3)
  A ball python (D:3)
  30 fungi
  59 plants
  2 withered plants (D:9)
93 creatures vanquished.

Grand Total: 520 creatures vanquished

Notes
Turn   | Place    | Note
-------+----------+-------------------------------------------
     0 | D:1      | Gunterle the Barachi Berserker began the quest for the Orb.
     0 | D:1      | Reached XP level 1. HP: 18/18 MP: 1/1
   363 | D:1      | Reached XP level 2. HP: 25/25 MP: 2/2
   409 | D:1      | Reached skill level 4 in Long Blades
  1139 | D:2      | Reached XP level 3. HP: 30/30 MP: 3/3
  1194 | D:2      | Reached skill level 1 in Stealth
  1545 | D:2      | Found a faded altar of an unknown god.
  1724 | D:2      | Reached ** piety under Trog
  1760 | D:2      | Noticed Terence
  1804 | D:3      | Reached XP level 4. HP: 37/37 MP: 4/4
  1836 | D:3      | Noticed Sigmund
  1836 | D:3      | Noticed Grinder
  2074 | D:4      | Noticed an orc warrior
  2137 | D:5      | Entered Level 5 of the Dungeon
  2143 | D:5      | Noticed a necrophage
  2165 | D:5      | Killed a necrophage
  2166 | D:5      | Reached skill level 5 in Long Blades
  2166 | D:5      | Reached XP level 5. HP: 43/43 MP: 5/5
  2245 | D:5      | Reached skill level 1 in Evocations
  2431 | D:5      | Reached XP level 6. HP: 44/49 MP: 6/6
  2889 | D:4      | Found Gecuge's Armour Shop.
  3180 | D:4      | Found a snail-covered altar of Cheibriados.
  3193 | D:3      | Paralysed by Grinder for 3 turns
  3368 | D:4      | Reached XP level 7. HP: 55/55 MP: 7/7
  3473 | D:4      | Reached skill level 6 in Long Blades
  3638 | D:4      | Reached skill level 5 in Fighting
  3874 | D:5      | Found Gyaf's Jewellery Shoppe.
  4729 | D:5      | Reached XP level 8. HP: 63/63 MP: 8/8
  4910 | D:5      | Reached skill level 7 in Long Blades
  5068 | D:5      | Found a burning altar of Makhleb.
  5570 | D:6      | Reached skill level 5 in Armour
  5894 | D:6      | Noticed a kobold demonologist
  5922 | D:6      | Noticed a hellwing
  5929 | D:6      | Killed a kobold demonologist
  5935 | D:6      | Reached skill level 8 in Long Blades
  6152 | D:6      | Reached *** piety under Trog
  6266 | D:6      | Noticed Blork the orc
  6273 | D:6      | Killed Blork the orc
  6274 | D:6      | Reached skill level 5 in Dodging
  6274 | D:6      | Reached XP level 9. HP: 69/69 MP: 9/9
  6909 | D:7      | Found a staircase to the Ecumenical Temple.
  7002 | D:7      | Noticed Prince Ribbit
  7006 | D:7      | Found a sand-covered staircase.
  7012 | Ossuary  | Entered an ossuary
  7648 | D:7      | Reached skill level 9 in Long Blades
  7761 | Temple   | Entered the Ecumenical Temple
  7986 | D:7      | Reached skill level 5 in Evocations
  8038 | D:7      | Reached **** piety under Trog
  8872 | D:8      | Reached skill level 5 in Stealth
  9004 | D:8      | Reached XP level 10. HP: 79/79 MP: 10/10
  9283 | D:9      | Noticed Grum
  9364 | D:9      | Reached skill level 10 in Long Blades
  9733 | D:9      | Killed Grum
  9736 | D:9      | Found a shimmering altar of Xom.
 10053 | D:9      | Found a blossoming altar of Fedhas.
 10055 | D:9      | Found a hazy altar of Hepliaklqana.
 10056 | D:9      | Found a white marble altar of Elyvilon.
 10057 | D:9      | Found a stormy altar of Qazlal.
 10057 | D:9      | Found a glowing silver altar of Zin.
 10184 | D:9      | Found a sacrificial altar of Ru.
 10281 | D:9      | Noticed a deep elf pyromancer
 10283 | D:9      | Noticed a cyclops
 10395 | D:10     | Entered Level 10 of the Dungeon
 10726 | D:10     | Found a staircase to the Lair.
 11099 | D:10     | Found a glowing golden altar of the Shining One.
 11783 | D:11     | Reached skill level 11 in Long Blades
 11836 | D:11     | Noticed a two-headed ogre
 11840 | D:11     | Killed a two-headed ogre
 11841 | D:11     | Reached XP level 11. HP: 87/87 MP: 11/11
 11941 | D:11     | Found a runed translucent gate.
 11942 | D:11     | Found a runed translucent gate.
 11943 | D:11     | Found an opulent altar of Gozag.
 11956 | D:11     | Found a runed translucent gate.
 11957 | D:11     | Noticed a six-headed hydra
 11957 | D:11     | Noticed a flayed ghost
 11957 | D:11     | Noticed Cykl0x's ghost (journeyman GrFi)
 12155 | D:11     | Found a hazy altar of Hepliaklqana.
 12367 | D:11     | Noticed a five-headed hydra
 12385 | D:11     | Killed a five-headed hydra
 12635 | D:12     | Noticed Kirke
 12636 | D:12     | Noticed a manticore
 12637 | D:12     | Noticed a manticore
 12656 | D:11     | Reached skill level 12 in Long Blades
 12699 | D:12     | Noticed a two-headed ogre
 12703 | D:12     | Killed a two-headed ogre
 12730 | D:12     | Killed a manticore
 12766 | D:12     | Noticed a manticore
 12766 | D:12     | Noticed a lindwurm
 12767 | D:12     | Noticed a manticore
 12774 | D:12     | Killed Kirke
 13325 | D:12     | Found a staircase to the Orcish Mines.
 13325 | D:12     | Noticed a boulder beetle
 13399 | D:12     | Noticed Gastronok
 13399 | D:12     | Noticed a manticore
 13593 | D:12     | Killed Gastronok
 13594 | D:12     | Reached XP level 12. HP: 97/97 MP: 12/12
 13651 | D:12     | Reached skill level 13 in Long Blades
 14125 | D:12     | Killed a boulder beetle
 14126 | D:12     | Reached skill level 10 in Fighting
 14494 | D:3      | Killed Grinder
 14496 | D:3      | Killed Sigmund
 14668 | D:3      | Noticed Robin
 14695 | D:3      | Killed Robin
 14791 | D:3      | Reached ***** piety under Trog
 15543 | D:7      | Killed Prince Ribbit
 16100 | Lair:1   | Entered Level 1 of the Lair of Beasts
 16109 | Lair:1   | Noticed Nergalle
 16129 | Lair:1   | Killed Nergalle
 16749 | Lair:1   | Reached skill level 14 in Long Blades
 17441 | Lair:1   | Reached skill level 10 in Armour
 17593 | Lair:2   | Noticed a catoblepas
 17607 | Lair:2   | Killed a catoblepas
 17761 | Lair:2   | Gained mutation: You can hop long distances. [Barachi
                  | growth]
 17761 | Lair:2   | Reached XP level 13. HP: 85/105 MP: 13/13
 18454 | Lair:2   | Reached skill level 10 in Dodging
 18478 | Lair:2   | Reached skill level 15 in Long Blades
 18983 | Lair:3   | Received a gift from Trog
 18988 | Lair:3   | Reached skill level 1 in Throwing
 19614 | Lair:3   | Reached skill level 10 in Evocations
 19943 | Lair:3   | Found a staircase to the Shoals.
 20032 | Lair:4   | Noticed Snorg
 20040 | Lair:4   | Killed Snorg
 20597 | Lair:4   | Found a staircase to the Snake Pit.
 21703 | Snake:1  | Entered Level 1 of the Snake Pit
 21731 | Lair:5   | Found a staircase to the Slime Pits.
 22064 | Lair:5   | Reached XP level 14. HP: 114/114 MP: 14/14
 22558 | Lair:6   | Entered Level 6 of the Lair of Beasts
 22593 | Lair:6   | Reached skill level 16 in Long Blades
 23327 | Lair:6   | Paralysed by a hornet for 1 turns
 24116 | Lair:6   | Slain by a spriggan rider

Illustrated notes

Levels and vault maps discovered:
D:1:      eino_arrival_cavern_a, layout_loops_ring
D:2:      layout_basic, dreamdust_ecumenical_altar_angels_and_demons,
          uniq_terence
D:3:      layout_rooms, serial_bayou_lagoon_b, uniq_sigmund, uniq_grinder,
          uniq_robin
D:4:      layout_basic, chei_slow_surprise, serial_shops, nicolae_diamond_shop,
          minmay_splitting_lines, lightli_corner_chamber
D:5:      layout_loops_ring, lightli_temple_of_fire, serial_shops, shop,
          chequers_avenue, grunt_decor_mini_mirrors, serial_bayou_crossing
D:6:      layout_loops_corners, minivault_22, corexii_item_surrounded_by_moat,
          solitary_fountain, uniq_blork_the_orc
D:7:      minmay_bubble_buster, layout_rooms, minmay_temple_entry_junction_2,
          enter_ossuary_2, uniq_prince_ribbit1
D:8:      wander_river, layout_basic, grunt_ministairs_12, roderic_roman_lattice
D:9:      layout_loops_cross, grunt_temple_overflow_open, old_standard_altar,
          serial_undead, serial_undead_f, serial_undead_b, serial_undead_b,
          serial_undead_a, minmay_mirror_moons_of_madness, uniq_grum
D:10:     layout_loops_ring, general_overflow_altar, dpeg_oklobed_lair,
          serial_rivers, chequers_serial_rivers_micro_a,
          chequers_serial_rivers_micro_a, chequers_serial_rivers_small_a,
          chequers_serial_rivers_small_b
D:11:     layout_cave_pools, ebering_ghost_gozag, hex_medium,
          worldfamousw_hep_ancestral_shrine
D:12:     layout_roguey, david_orc_1_choice, uniq_gastronok, uniq_kirke
Temple:   nicolae_temple_no_exploring_needed
Lair:1:   layout_regular_city, wad_woods_road_02, beast_lair_carwin_9,
          lemuel_fruit_fields, lemuel_fruit_tree, uniq_nergalle
Lair:2:   layout_hall_layers, serial_bayou_shore_b
Lair:3:   layout_cave_pods, minmay_shoals_entry_lonely_mermaid, minivault_23,
          beast_lair_carwin_5, infiniplex_staircase_pool
Lair:4:   layout_hall_layers, minmay_snake_entry_six_corridors,
          minmay_lair_oklob_bushes, serial_bayou_shore_a,
          infiniplex_staircase_pool_2, uniq_snorg
Lair:5:   layout_hall_layers, minmay_slime_entry_pillars, grunt_megastairs_4
Lair:6:   minmay_lair_end_enchanted_forest, layout_loops_ring, dpeg_oklob_1,
          grunt_megastairs_5
Snake:1:  layout_honeycomb, serial_shops, nicolae_square_shop, basic_altar,
          drop_trap, nicolae_snake_gridmaze_squiggle

Skill      XL: |  1  2  3  4  5  6  7  8  9 10 11 12 13 14 |
---------------+-------------------------------------------+-----
Long Blades    | 4 5 6 8 9 11 12 14 15 16 | 16.5
Stealth        | 1 2 3 5 |  5.0
Armour         | 3 4 5 6 7 8 10 11 | 11.8
Fighting       | 4 5 6 7 8 9 10 11 12 | 12.4
Dodging        | 3 4 5 6 7 8 9 10 | 10.0
Evocations     | 1 2 4 5 6 8 9 10 | 10.9
Throwing       | 3 4 |  4.4

Action                   |  1- 3 |  4- 6 |  7- 9 | 10-12 | 13-15 || total
-------------------------+-------+-------+-------+-------+-------++-------
Melee: Falchion          |   113 |    55 |       |    93 |       ||   261
       Long sword        |       |    34 |   378 |    40 |       ||   452
       Scimitar          |       |       |       |   350 |   126 ||   476
       Unarmed           |       |       |       |    12 |       ||    12
       Short sword       |       |       |       |     8 |     6 ||    14
       Great sword       |       |       |       |       |   319 ||   319
Throw: Dart              |     3 |    12 |    49 |    17 |    18 ||    99
       Stone             |       |     2 |    26 |    12 |       ||    40
       Throwing net      |       |       |     1 |       |       ||     1
Invok: Berserk           |     6 |     4 |    23 |    38 |    18 ||    89
       Brothers in Arms  |       |       |       |     1 |     2 ||     3
       Trog's Hand       |       |       |       |       |     1 ||     1
 Abil: Hop               |       |     3 |     5 |     5 |     2 ||    15
Evoke: Wand              |       |       |     6 |    18 |    10 ||    34
  Use: Scroll            |       |       |    13 |     9 |     3 ||    25
       Potion            |       |       |       |       |     1 ||     1
 Stab: Sleeping          |       |       |     7 |       |       ||     7
       Paralysed         |       |       |       |    11 |       ||    11
       Distracted        |       |       |       |       |     1 ||     1
Armor: Animal skin       |    10 |       |       |       |       ||    10
       Ring mail         |    30 |    32 |    16 |       |       ||    78
       Leather armour    |       |       |    81 |    15 |       ||    96
       Chain mail        |       |       |       |   147 |    99 ||   246
       Acid dragon scale |       |       |       |       |    32 ||    32
Dodge: Dodged            |    62 |    59 |   202 |   243 |   291 ||   857
       Rpst.: Falchion   |    17 |    11 |       |    11 |       ||    39
       Long sword        |       |     4 |    48 |    12 |       ||    64
       Scimitar          |       |       |       |    47 |    18 ||    65
       Great sword       |       |       |       |       |    63 ||    63
